 Dungeon Crawl Stone Soup version 0.28.0 (webtiles) character file.

Game seed: 10459292901821647421

596 Sanktem7 the Chopper (level 7, -9/61 HPs)
             Began as a Minotaur Fighter on Feb 15, 2022.
             Killed by divine providence
             ... invoked by an orc priest
              (12 damage)
             ... on level 5 of the Dungeon on Feb 16, 2022.
             The game lasted 00:06:34 (5058 turns).

Sanktem7 the Chopper (Minotaur Fighter)             Turns: 5058, Time: 00:06:34

Health: -9/61      AC:  7    Str: 23    XL:     7   Next: 17%
Magic:  6/6        EV:  9    Int:  5    God:
Gold:   157        SH:  4    Dex:  9    Spells: 6/6 levels left

rFire   . . .      SeeInvis .   a - +0 war axe
rCold   . . .      Faith    .   c - +0 buckler
rNeg    . . .      Spirit   .   b - +0 scale mail
rPois   .          Reflect  .   (helmet restricted)
rElec   .          Harm     .   (no cloak)
rCorr   .          Rampage  .   (no gloves)
Will    .....                   (no boots)
Stlth   ..........              (no amulet)
HPRegen 0.20/turn               (no ring)
MPRegen 0.10/turn               (no ring)

@: no status effects
A: horns 2, retaliatory headbutt
a: no special abilities


You were on level 5 of the Dungeon.
You visited 1 branch of the dungeon, and saw 5 of its levels.

You collected 157 gold pieces.

Inventory:

Hand Weapons
 a - a +0 war axe (weapon)
 r - a +0 vorpal mace
Missiles
 p - 4 boomerangs (quivered)
Armour
 b - a +0 scale mail (worn)
 c - a +0 buckler (worn)
Jewellery
 n - the ring "Pesioheo" {AC+4 Str+4 Slay+2}
   (You found it on level 3 of the Dungeon)

   [ring of protection]

   AC:        It affects your AC (+4).
   Str:       It affects your strength (+4).
   Slay:      It affects your accuracy & damage with ranged weapons and melee
   (+2).
 s - a +4 ring of protection
Wands
 v - a wand of paralysis (2)
Scrolls
 g - 2 scrolls of brand weapon {unknown}
 j - a scroll of vulnerability {unknown}
 k - 5 scrolls of identify {unknown}
 m - a scroll of enchant weapon {unknown}
 o - 3 scrolls of enchant armour {unknown}
 t - a scroll of acquirement {unknown}
 u - a scroll of amnesia {unknown}
 w - 2 scrolls of magic mapping {unknown}
Potions
 d - a potion of might
 e - 2 potions of flight {unknown}
 f - a potion of invisibility {unknown}
 h - a potion of brilliance {unknown}
 i - a potion of magic {unknown}
 l - 2 potions of haste {unknown}
 q - a potion of attraction {unknown}


   Skills:
 * Level 5.4 Fighting
 * Level 6.8 Axes
 * Level 1.0 Throwing
 * Level 6.0 Armour
 + Level 0.8 Dodging
 - Level 3.6 Shields


You had 6 spell levels left.
You didn't know any spells.
Your spell library contained the following spells:

 Spells                   Type           Power      Damage    Failure   Level
 Sublimation of Blood     Necr           0%         N/A       94%         2
 Petrify                  Tmut/Erth      0%         N/A       100%        4
 Irradiate                Conj/Tmut      0%         3d13      100%        5


Dungeon Overview and Level Annotations

Branches:
Dungeon (5/15)
 Temple: D:4-7

Altars:
Dithmenos
Fedhas
Hepliaklqana
Ru
Xom
Zin

Shops:
D:3 *   D:4 [(   D:5 [


Innate Abilities, Weirdness & Mutations

You have a pair of horns on your head.
You reflexively headbutt those who attack you in melee.


Message History

Beogh smites you!
The orc priest invokes the aid of Beogh against you.
Pain shoots through your body!
You barely miss the orc priest.
The orc priest is severely wounded.
You block the orc warrior's attack.
The orc priest hits you but does no damage.
You hit the orc priest. Your headbutt misses the orc priest.
The orc priest is almost dead.
You barely miss the orc priest. You block the orc warrior's attack.
The orc priest hits you with a +0 flail.
The orc priest closely misses you. You furiously retaliate!
You headbutt the orc priest!
The orc warrior hits you from afar with a +0 trident.
The orc priest hits you with a +0 club.
The orc priest hits you with a +0 flail.
The orc priest mumbles some strange prayers to Beogh against you.
Beogh smites you!
* * * LOW HITPOINT WARNING * * *
There is an open door here.
The orc priest calls down the wrath of Beogh upon you.
You struggle to resist.
The orc priest calls upon Beogh to heal the orc priest.
The orc priest is healed somewhat.
There is an open door here.
You hit the orc priest. You headbutt the orc priest.
The orc priest is almost dead.
The orc priest hits you but does no damage.
The orc hits you but does no damage.
You closely miss the orc priest.
The orc priest is almost dead.
You hit the orc.
The orc warrior hits you from afar with a +0 trident!
* * * LOW HITPOINT WARNING * * *
The orc priest hits you but does no damage.
The orc closely misses you. You furiously retaliate!
You headbutt the orc, but do no damage.
The orc priest calls down the wrath of Beogh upon you.
Beogh smites you!
You die...

#.....#....#....# #.....
#.....#....#....# #.....
#.....##'#####'## #.....
#...............# ##...#
#...............# ###'##
+...............# #.....
#......oo.......# #....#
.......####.ooo..<...#
##...# .....o.
####@#######. #....
....... #............
#.... .......#
##........... #...#
.......#. #...###..##.
#...#
.......#..##...######
#....
###....#............#
#...†
#..##........#######....
#..##>.....<..#.........
#.............+.........


You could see an orc warrior, 2 orc priests and 2 orcs.

Vanquished Creatures
  An ice beast (D:5)
  An ogre (D:4)
  A centaur (D:4)
  A scorpion (D:4)
  A gnoll shaman (D:4)
  An iguana (D:5)
  8 gnolls
  4 adders
  An ufetubus (D:4)
  2 worms
  2 dart slugs
  4 orcs
  9 endoplasms
  6 giant cockroaches
  9 goblins
  9 hobgoblins
  9 jackals
  3 quokkas
  3 ball pythons
  9 bats
  4 frilled lizards
  6 kobolds
  7 rats
101 creatures vanquished.

Vanquished Creatures (others)
  3 plants (D:3)
3 creatures vanquished.

Grand Total: 104 creatures vanquished

Notes
Turn   | Place    | Note
-------+----------+-------------------------------------------
     0 | D:1      | Sanktem7 the Minotaur Fighter began the quest for the Orb.
     0 | D:1      | Reached XP level 1. HP: 19/19 MP: 0/0
    38 | D:1      | Reached XP level 2. HP: 19/27 MP: 1/1
   393 | D:1      | Reached XP level 3. HP: 32/33 MP: 2/2
  1481 | D:2      | Reached XP level 4. HP: 36/41 MP: 3/3
  2147 | D:3      | Found Aryungure's Assorted Antiques.
  2290 | D:3      | Identified the ring "Pesioheo" {AC+4 Str+4 Slay+2}
  2450 | D:3      | Found a shimmering altar of Xom.
  2613 | D:3      | Reached XP level 5. HP: 11/47 MP: 4/4
  3238 | D:4      | Reached skill level 5 in Armour
  3249 | D:4      | Reached skill level 5 in Axes
  3498 | D:4      | Noticed an ogre
  3504 | D:4      | Killed an ogre
  3505 | D:4      | Reached skill level 5 in Fighting
  3505 | D:4      | Reached XP level 6. HP: 24/56 MP: 5/5
  4363 | D:4      | Found a hazy altar of Hepliaklqana.
  4439 | D:4      | Found a shadowy altar of Dithmenos.
  4447 | D:4      | Found a blossoming altar of Fedhas.
  4450 | D:4      | Found a sacrificial altar of Ru.
  4451 | D:4      | Found a glowing silver altar of Zin.
  4616 | D:4      | Found Wouliergh's Antique Armour Shoppe.
  4621 | D:4      | Found Suucli's Antique Weapon Shoppe.
  4799 | D:5      | Entered Level 5 of the Dungeon
  4890 | D:5      | Noticed an ice beast
  4898 | D:5      | Killed an ice beast
  4899 | D:5      | Reached skill level 1 in Throwing
  4899 | D:5      | Reached XP level 7. HP: 61/61 MP: 6/6
  4960 | D:5      | Found Tocurhad's Armour Shoppe.
  5058 | D:5      | HP: 3/61 [orc warrior (13)]
  5058 | D:5      | Killed from afar by an orc priest

Illustrated notes

Levels and vault maps discovered:
D:1:      lightli_arrival_farm, layout_basic, chequers_serial_rivers_room_b,
          minmay_door_square, st_stairs_11, minmay_misc_feat_diagonals,
          minmay_split_cup_large
D:2:      layout_loops_ring
D:3:      layout_basic, tgw_xom, serial_shops, nicolae_shop_overgrown_old_shop
D:4:      layout_loops_cross, minitemple, mainiacjoe_overflow_paths,
          nicolae_wooded_promenade, serial_bayou_pond_e
D:5:      layout_gridville, serial_shops, nicolae_shop_crystal,
          minmay_misc_feat_four_crosses

Skill      XL: |  1  2  3  4  5  6 |
---------------+-------------------+-----
Fighting       | 4 5 |  5.4
Armour         | 4 5 6 |  6.0
Axes           | 3 4 5 6 |  6.8
Throwing       | 1 |  1.0
Dodging        | |  0.8
Shields        | |  3.6

Action                   |  1- 3 |  4- 6 |  7- 9 || total
-------------------------+-------+-------+-------++-------
Melee: War axe           |    80 |   133 |     8 ||   221
       Headbutt          |    11 |    20 |     1 ||    32
Armor: Scale mail        |    44 |    55 |     5 ||   104
Dodge: Dodged            |    46 |    57 |     3 ||   106
Block: Buckler           |    11 |    36 |     3 ||    50
